 Dungeon Crawl Stone Soup version 0.29.1-15-g9cfb28693d (webtiles) character file.

Game seed: 936306273415168525

63 tizbic2 the Chopper (level 3, 0/34 HPs)
             Began as a Minotaur Monk on Apr 27, 2023.
             Slain by Natasha (5 damage)
             ... on level 2 of the Dungeon.
             The game lasted 00:04:12 (1141 turns).

tizbic2 the Chopper (Minotaur Monk)                 Turns: 1141, Time: 00:04:12

Health: 0/34       AC:  8    Str: 17    XL:     3   Next: 89%
Magic:  2/2        EV: 11    Int:  7    God:
Gold:   135        SH:  0    Dex: 12    Spells: 2/2 levels left

rFire   . . .      SeeInvis .   d - +0 hand axe
rCold   . . .      Faith    .   (no shield)
rNeg    . . .      Spirit   .   p - +0 chain mail
rPois   .          Reflect  .   (helmet restricted)
rElec   .          Harm     .   (no cloak)
rCorr   .          Rampage  .   (no gloves)
Will    .....                   (no boots)
Stlth   ..........              (no amulet)
HPRegen 0.11/turn               j - +4 ring of evasion
MPRegen 0.08/turn               (no ring)

@: no status effects
A: horns 2, retaliatory headbutt
a: no special abilities


You were on level 2 of the Dungeon.
You visited 1 branch of the dungeon, and saw 2 of its levels.

You collected 135 gold pieces.

Inventory:

Hand Weapons
 a - a +0 mace
 d - a +0 hand axe (weapon)
 o - a +2 dagger of freezing
 w - a +0 sling
Missiles
 g - 3 poisoned darts (quivered)
 l - 4 stones
Armour
 b - a +0 robe
 h - a +0 leather armour
 p - a +0 chain mail (worn)
Jewellery
 j - a +4 ring of evasion (left hand)
Scrolls
 e - a scroll of poison {unknown}
 i - a scroll of fog {unknown}
 k - a scroll of fear {unknown}
 n - 2 scrolls of teleportation
Potions
 c - a potion of ambrosia
 f - 4 potions of curing {unknown}
 m - a potion of degeneration {unknown}


   Skills:
 + Level 4.4 Fighting
 * Level 5.2 Axes
 - Level 3.3 Dodging
 - Level 1.6 Stealth


You had 2 spell levels left.
You didn't know any spells.
Your spell library contained the following spells:

 Spells                   Type           Power      Damage    Failure   Level
 Apportation              Tloc           0%         N/A       100%        1
 Necrotise                Necr           0%         1d4       100%        1
 Summon Small Mammal      Summ           0%         N/A       100%        1


Dungeon Overview and Level Annotations

Branches:
Dungeon (2/15)

Altars:

Annotations:
D:2 Natasha


Innate Abilities, Weirdness & Mutations

You have a pair of horns on your head.
You reflexively headbutt those who attack you in melee.


Message History

The crimson imp hits you.
* * * LOW HITPOINT WARNING * * *
You are confused.
You feel invigorated. Natasha claws you.
* * * LOW HITPOINT WARNING * * *
The crimson imp hits you but does no damage.
Natasha claws you.
* * * LOW HITPOINT WARNING * * *
The crimson imp barely misses you.
You closely miss the crimson imp. Your headbutt misses the crimson imp.
Natasha casts a spell.
The crimson imp barely misses you.
You hit the crimson imp. You freeze the crimson imp.
The crimson imp is moderately wounded.
You feel less invigorated.
You feel less confused.
Natasha casts a spell.
The crimson imp blinks!
You hit Natasha. You freeze Natasha. You headbutt Natasha, but do no damage.
Natasha is moderately wounded.
Natasha misses you. The white imp barely misses you.
The crimson imp hits you but does no damage.
Your +2 dagger of freezing stops glowing.
d - a +0 hand axe (weapon)
You slash Natasha!
Natasha is almost dead.
You closely miss the crimson imp. You hit the crimson imp.
You barely miss the white imp. Natasha claws you.
The crimson imp blinks! x2
The white imp hits you but does no damage.
You barely miss Natasha. You headbutt Natasha, but do no damage.
Natasha is almost dead.
You hit the white imp but do no damage. Natasha barely misses you.
The crimson imp blinks! x2; The white imp hits you.
* * * LOW HITPOINT WARNING * * *
The white imp freezes you.
* * * LOW HITPOINT WARNING * * *
You closely miss Natasha.
Natasha is almost dead.
You hit the white imp but do no damage. Natasha claws you.
You die...

##### #...##########
#...##.>.?... #...##..#...#
#...##.§.§..# #...#
#5@§######## #...#
#.h$....5..#
#...##......######.# #
#...##############.#.###.
#...# #........)....
#...#########..............
#......................##..
#.....[..........####### .
##...............##########


You could see Natasha, a crimson imp (summoned) and a white imp (summoned).

Vanquished Creatures
  2 adders (D:2)
  3 orcs (D:2)
  2 ball pythons
  3 endoplasms
  2 giant cockroaches (D:1)
  4 goblins
  3 hobgoblins
  A quokka (D:1)
  8 bats
  A frilled lizard (D:2)
  8 kobolds
  5 rats (D:1)
42 creatures vanquished.

Notes
Turn   | Place    | Note
-------+----------+-------------------------------------------
     0 | D:1      | tizbic2 the Minotaur Monk began the quest for the Orb.
     0 | D:1      | Reached XP level 1. HP: 19/19 MP: 0/0
   314 | D:1      | Reached skill level 4 in Axes
   314 | D:1      | Reached XP level 2. HP: 24/27 MP: 1/1
   317 | D:1      | Found a faded altar of an unknown god.
   918 | D:2      | Reached XP level 3. HP: 32/33 MP: 2/2
  1114 | D:2      | Reached skill level 5 in Axes
  1116 | D:2      | Noticed Natasha
  1141 | D:2      | Slain by Natasha

Illustrated notes

Levels and vault maps discovered:
D:1:      elethiomel_arrival_diamonds, layout_basic,
          dreamdust_ecumenical_altar_statues, nrook_campfire
D:2:      layout_basic, uniq_natasha

Skill      XL: |  1  2  3 |
---------------+----------+-----
Axes           | 4 5 |  5.2
Fighting       | 4 |  4.4
Dodging        | |  3.3
Stealth        | |  1.6

Action                   || total
-------------------------++-------
Melee: Hand axe          ||    76
       Mace              ||     3
       Headbutt          ||     8
       Dagger            ||    17
       Punch             ||     1
 Fire: Sling             ||     1
  Use: Scroll            ||     1
       Potion            ||     1
 Stab: Sleeping          ||     1
Armor: Robe              ||     4
       Leather armour    ||    14
       Chain mail        ||    11
Dodge: Dodged            ||    77
